 Dungeon Crawl Stone Soup version 0.26-b1-32-g5d43845318 (webtiles) character file.

Game seed: 12170084797937075361

573 Borgoz the Cudgeller (level 7, -1/44 HPs)
             Began as a Gargoyle Gladiator on Jan 10, 2021.
             Slain by a killer bee (6 damage)
             ... on level 4 of the Dungeon.
             The game lasted 00:05:53 (4169 turns).

Borgoz the Cudgeller (Gargoyle Gladiator)           Turns: 4169, Time: 00:05:53

Health: -1/44      AC:  9    Str: 19    XL:     7   Next: 34%
Magic:  7/7        EV: 12    Int:  9    God:
Gold:   234        SH:  0    Dex: 13    Spells: 6/6 levels left

rFire    . . .     SeeInvis .   a - +1 flail
rCold    + . .     Faith    .   (no shield)
rNeg     + . .     Spirit   .   e - +0 ring mail
rPois    ∞         Reflect  .   (helmet restricted)
rElec    +         Harm     .   (no cloak)
rCorr    .         Rampage  .   (no gloves)
Will     .....                  (no boots)
Stlth    +.........             (no amulet)
HPRegen  0.14/turn              (no ring)
MPRegen  0.10/turn              (no ring)

@: attractive, flying
A: beak, cold resistance 1, negative energy resistance 1, electricity
resistance, strong 1, unbreathing, petrification resistance, miasma immunity, AC
+4
a: no special abilities


You were on level 4 of the Dungeon.
You visited 1 branch of the dungeon, and saw 4 of its levels.

You collected 234 gold pieces.

Inventory:

Hand Weapons
 a - a +1 flail (weapon)
Missiles
 d - 2 throwing nets (quivered)
Armour
 e - a +0 ring mail (worn)
Wands
 h - a wand of flame (9)
Scrolls
 j - 2 scrolls of enchant armour
 k - 3 scrolls of identify
Potions
 b - 3 potions of flight
 f - 2 potions of cancellation {unknown}
 i - a potion of mutation
 l - a potion of curing {unknown}
 m - a potion of heal wounds {unknown}


   Skills:
 + Level 4.6 Fighting
 + Level 4.8 Maces & Flails
 + Level 3.8 Throwing
 + Level 3.9 Dodging


You had 6 spell levels left.
You didn't know any spells.
Your spell library contained the following spells:

 Spells                   Type           Power        Failure   Level
 Confusing Touch          Hex            0%           91%         3
 Gell's Gravitas          Tloc           0%           91%         3
 Petrify                  Tmut/Erth      0%           100%        4
 Metabolic Englaciation   Hex/Ice        0%           100%        5
 Yara's Violent Unravell  Hex/Tmut       0%           100%        5


Dungeon Overview and Level Annotations

Branches:
Dungeon (4/15)
 Temple: D:4-7

Altars:
Dithmenos


Innate Abilities, Weirdness & Mutations

You are resistant to torment.
Your stone body is resilient. (AC +4)
You are immune to poison.
You resist negative energy. (rN+)
You are resistant to electric shocks. (rElec)
You can survive without breathing.
You are immune to petrification.
You are immune to miasma.
You have a beak for a mouth.
Your flesh is cold resistant. (rC+)
Your muscles are strong. (Str +2)


Message History

The killer bee stings the withered plant.
The killer bee barely misses you. The killer bee stings you!
* * * LOW HITPOINT WARNING * * *
The killer bee closely misses you.
The killer bee stings you but does no damage.
It was a potion of flight.
You feel very buoyant.
You fly up into the air.
The killer bee barely misses you. x2
The killer bee stings you but does no damage.
The killer bee closely misses you. x2; The killer bee barely misses you.
The killer bee stings you but does no damage.
The killer bee stings you.
* * * LOW HITPOINT WARNING * * *
It was a potion of attraction.
You feel attractive to monsters.
The withered plant crumbles away.
The killer bee barely misses you.
The killer bee stings you but does no damage.
The killer bee completely misses you. The killer bee closely misses you.
The killer bee stings you.
You die...

#.#......##.............#
........#...##....##.####
.#........#######..#.#
.[.......## #..#.###
........## #.§.§§§#
#######.##### #..§§§§#
#.....# #..§§§§# ##yy.P#
#..§§§§# #@y..# #...§..#
#.yP.# #...§.## ###..#
####### ..... ......#
......# ..$...# ......#
..#####


You could see 4 killer bees.

Vanquished Creatures
  Purgy (D:3)
  2 orc priests (D:3)
  2 centaur skeletons (D:4)
  2 orc wizards (D:3)
  Jessica (D:2)
  Natasha (thrice) (D:2)
  A howler monkey zombie (D:4)
  An adder (D:3)
  4 gnolls (D:3)
  A howler monkey skeleton (D:4)
  An ooze (D:4)
  2 adder zombies (D:4)
  2 worms
  2 dart slugs (D:1)
  3 leopard geckos
  8 orcs
  A ball python (D:3)
  8 giant cockroaches
  9 goblins
  8 hobgoblins
  15 jackals
  10 kobolds
  A ball python zombie (D:4)
  5 bats
  4 frilled lizards
  A jackal zombie (D:4)
  2 leopard gecko skeletons (D:4)
  3 leopard gecko zombies (D:4)
  3 quokka zombies (D:4)
  12 rats
118 creatures vanquished.

Vanquished Creatures (others)
  A kobold (D:2)
  2 withered plants (D:4)
3 creatures vanquished.

Grand Total: 121 creatures vanquished

Notes
Turn   | Place    | Note
-------+----------+-------------------------------------------
     0 | D:1      | Borgoz the Gargoyle Gladiator began the quest for the Orb.
     0 | D:1      | Reached XP level 1. HP: 12/12 MP: 1/1
   101 | D:1      | Reached XP level 2. HP: 9/18 MP: 2/2
   329 | D:1      | Reached XP level 3. HP: 11/22 MP: 3/3
  1221 | D:2      | Noticed Natasha
  1236 | D:2      | Killed Natasha
  1237 | D:2      | Reached XP level 4. HP: 21/28 MP: 4/4
  1365 | D:2      | Found a shadowy altar of Dithmenos.
  1427 | D:2      | Noticed Jessica
  1451 | D:2      | Gained mutation: Your flesh is cold resistant. (rC+)
                  | [potion of mutation]
  1451 | D:2      | Gained mutation: You have a beak for a mouth. [potion of
                  | mutation]
  1451 | D:2      | Gained mutation: Your muscles are strong. (Str +2) [potion
                  | of mutation]
  1455 | D:2      | Killed Jessica
  1462 | D:2      | Reached XP level 5. HP: 9/32 MP: 5/5
  1638 | D:2      | Noticed Natasha
  1644 | D:2      | Killed Natasha
  1874 | D:2      | Noticed Natasha
  1885 | D:2      | Killed Natasha
  2750 | D:3      | Reached XP level 6. HP: 13/38 MP: 6/6
  3049 | D:3      | Noticed Purgy
  3067 | D:3      | Killed Purgy
  3277 | D:3      | Reached XP level 7. HP: 42/44 MP: 7/7
  4169 | D:4      | Slain by a killer bee

Illustrated notes

Levels and vault maps discovered:
D:1:      sevenhm_arrival_forest_fort_large_2, layout_basic
D:2:      layout_basic, grunt_dithmenos_smoke_and_mirrors, uniq_jessica,
          uniq_natasha
D:3:      layout_basic, kennysheep_another_room, uniq_purgy
D:4:      layout_rooms, minmay_temple_entry_slanted, serial_undead,
          serial_undead_e, serial_undead_e, serial_undead_d, serial_undead_a,
          serial_undead_b, serial_undead_d

Skill      XL: |  1  2  3  4  5  6 |
---------------+-------------------+-----
Throwing       | 2 3 |  3.8
Fighting       | 3 4 |  4.6
Dodging        | 3 |  3.9
Maces & Flails | 4 |  4.8

Action                   |  1- 3 |  4- 6 |  7- 9 || total
-------------------------+-------+-------+-------++-------
Melee: Flail             |   162 |   166 |    91 ||   419
       Peck              |       |    30 |    22 ||    52
Throw: Throwing net      |       |     2 |       ||     2
  Use: Potion            |       |     2 |     2 ||     4
       Scroll            |       |       |     2 ||     2
 Stab: Held in net/web   |       |     2 |       ||     2
Armor: Ring mail         |    94 |   102 |   123 ||   319
Dodge: Dodged            |   112 |   136 |   157 ||   405
